 Dungeon Crawl Stone Soup version 0.30.0-3-ga4e48a9924 (webtiles) character file.

Game seed: 7044738320296613764

272 Sabo the Chopper (level 6, -4/32 HPs)
             Began as a Vine Stalker Fighter on May 7, 2023.
             Was an Initiate of Dithmenos.
             Splashed by a jelly's acid (7 damage)
             ... on level 4 of the Dungeon.
             The game lasted 00:18:40 (4083 turns).

Sabo the Chopper (Vine Stalker Fighter)             Turns: 4083, Time: 00:18:41

Health: -4/32      AC:  4    Str: 21    XL:     6   Next: 23%
Magic:  0/7        EV:  7    Int:  8    God:    Dithmenos [......]
Gold:   187        SH:  4    Dex: 13    Spells: 5/5 levels left

rFire   . . .        a - +0 war axe
rCold   . . .        c - +0 buckler
rNeg    . . .        v - +0 chain mail
rPois   .            (no helmet)
rElec   .            w - +1 cloak
rCorr   .            j - +0 pair of gloves
SInv    .            (no boots)
Will    .....        (no amulet) Stlth
                     (no ring)
HPRegen 1.05/turn    (no ring)
MPRegen 0.10/turn

%: guardian spirit
@: corroded
A: fangs 2, regeneration 1, magic shield, antimagic bite, no potion heal 2
a: Renounce Religion


You were on level 4 of the Dungeon.
You worshipped Dithmenos.
Dithmenos was noncommittal.
You visited 1 branch of the dungeon, and saw 4 of its levels.

You collected 187 gold pieces.

Inventory:

Hand Weapons
 a - a +0 war axe (weapon)
 b - a +2 quarterstaff of chaos
 k - a +0 sling
Missiles
 r - 6 poisoned darts (quivered)
Armour
 c - a +0 buckler (worn)
 j - a +0 pair of gloves (worn)
 v - a +0 chain mail (worn)
 w - a +1 cloak (worn)
Scrolls
 f - a scroll of fear
 p - a scroll of enchant weapon
 q - a scroll of butterflies
 s - 2 scrolls of teleportation
 t - a scroll of silence {unknown}
 u - a scroll of enchant armour {unknown}
Potions
 d - a potion of might
 e - 4 potions of curing {unknown}
 g - a potion of attraction {unknown}
 h - 2 potions of lignification {unknown}
 i - a potion of cancellation {unknown}
 l - 2 potions of haste {unknown}
 m - a potion of heal wounds {unknown}
 n - 2 potions of invisibility {unknown}
 o - 3 potions of brilliance {unknown}


   Skills:
 + Level 3.4 Fighting
 + Level 4.0 Axes
 + Level 3.6 Armour
 + Level 0.1 Dodging
 + Level 0.3 Stealth
 + Level 3.1 Shields


You had 5 spell levels left.
You didn't know any spells.
Your spell library contained the following spells:

 Spells                   Type           Power      Damage    Failure   Level
 Slow                     Hex            0%         N/A       98%         1
 Sublimation of Blood     Necr           0%         N/A       99%         2
 Wereblood                Tmut           0%         N/A       99%         2
 Confusing Touch          Hex            0%         N/A       100%        3
 Ozocubu's Armour         Ice            0%         N/A       100%        3
 Vampiric Draining        Necr           0%         2d6       100%        3
 Ozocubu's Refrigeration  Ice            0%         4d7       100%        7
 Summon Hydra             Summ           0%         N/A       100%        7


Dungeon Overview and Level Annotations

Branches:
Dungeon (4/15)
 Temple: D:4-7

Altars:
Dithmenos
Gozag
Sif Muna
Wu Jian

Shops:
D:2 (   D:3 *   D:4 :


Innate Abilities, Weirdness & Mutations

You have extremely sharp teeth.
Your natural rate of healing is unusually fast.
When hurt, damage is shared between your health and your magic reserves.
Your bite disrupts and absorbs the magic of your enemies.
Potions cannot restore your health.


Message History

The orc hits you but does no damage.
You hit the orc. You bite the orc. You drain its power.
The orc is heavily wounded.
The orc hits you with a +0 club.
You closely miss the orc. You bite the orc.
You kill the orc!
Dithmenos accepts your kill.
Things that are here:
a +0 club; an orc corpse
Things that are here:
a +0 club; an orc corpse You now have 187 gold pieces (gained 17).
Things that are here:
a +0 club; an orc corpse A jelly comes into view.
The jelly quivers.
Found a leather armour.
Found an escape hatch in the ceiling.
Found a scale mail.
The jelly hits you.
You are splashed with acid!
You hit the jelly. The acid corrodes you!
Your hands burn!
You bite the jelly, but do no damage.
The jelly is lightly wounded.
The jelly hits you.
You are splashed with acid!
You hit the jelly but do no damage.
Your hands burn!
You bite the jelly, but do no damage.
The jelly is lightly wounded.
The jelly hits you but does no damage. The jelly hits you.
The acid corrodes you!
You are splashed with acid.
* * * LOW HITPOINT WARNING * * *
You hit the jelly but do no damage.
Your hands burn!
* * * LOW HITPOINT WARNING * * *
You bite the jelly. You drain its power.
You feel invigorated.
The jelly is moderately wounded.
You block the jelly's attack.
You hit the jelly.
Your hands burn!
* * * LOW HITPOINT WARNING * * *
The jelly is heavily wounded.
The jelly hits you.
* * * LOW HITPOINT WARNING * * *
The acid corrodes you!
You are splashed with acid!
You die...

#........[
#.........
##.........
..........
#.......<.
#......[..
#.J.......
#.@.......
##.#######
#.# #.# #.#
#.#
##.########
#.........###
#..##........


You could see a jelly.

Vanquished Creatures
  A sleepcap (D:4)
  Crazy Yiuf (D:3)
  Terence (D:3)
  Natasha (thrice) (D:3)
  6 adders
  2 worms
  2 dart slugs (D:2)
  An orc (D:4)
  6 ball pythons
  5 endoplasms
  5 giant cockroaches
  4 goblins
  3 hobgoblins
  8 kobolds
  4 quokkas
  3 bats
  3 frilled lizards
  7 rats
65 creatures vanquished.

Vanquished Creatures (others)
  A fungus (D:3)
1 creature vanquished.

Grand Total: 66 creatures vanquished

Notes
Turn   | Place    | Note
-------+----------+-------------------------------------------
     0 | D:1      | Sabo the Vine Stalker Fighter began the quest for the Orb.
     0 | D:1      | Reached XP level 1. HP: 11/11 MP: 2/2
   266 | D:1      | Reached XP level 2. HP: 16/16 MP: 3/3
   272 | D:1      | Reached skill level 2 in Axes
   800 | D:1      | Found a faded altar of an unknown god.
  1085 | D:2      | Reached XP level 3. HP: 20/20 MP: 4/4
  1544 | D:2      | Found a transporter.
  1548 | D:2      | Found Oddear's Weapon Boutique.
  1550 | D:2      | Found a transporter.
  2055 | D:2      | Gained mutation: Your natural rate of healing is unusually
                  | fast. [Vine Stalker growth]
  2055 | D:2      | Reached XP level 4. HP: 22/23 MP: 5/5
  2305 | D:2      | Found an ornate altar of the Wu Jian Council.
  2468 | D:3      | Noticed Natasha
  2473 | D:3      | Killed Natasha
  2513 | D:3      | Noticed Natasha
  2524 | D:3      | Killed Natasha
  2525 | D:3      | Reached skill level 3 in Axes
  2525 | D:3      | Reached XP level 5. HP: 13/28 MP: 1/6
  2583 | D:3      | Noticed Natasha
  2594 | D:3      | Killed Natasha
  2831 | D:3      | Found an opulent altar of Gozag.
  2833 | D:3      | Found Gozag's Platinum Reserve.
  3258 | D:3      | Noticed Terence
  3269 | D:3      | Killed Terence
  3502 | D:3      | Found a runed translucent door.
  3503 | D:3      | Noticed Crazy Yiuf
  3509 | D:3      | Killed Crazy Yiuf
  3510 | D:3      | Reached XP level 6. HP: 31/32 MP: 7/7
  3622 | D:4      | Found Jaorr's Book Emporium.
  3630 | D:4      | Found a shimmering blue altar of Sif Muna.
  3808 | D:4      | Reached skill level 4 in Axes
  3812 | D:4      | Found a shadowy altar of Dithmenos.
  3882 | D:4      | Became a worshipper of Dithmenos the Shadowed
  4083 | D:4      | Splashed by a jelly's acid

Illustrated notes

Levels and vault maps discovered:
D:1:      saegor_arrival_fortress, layout_basic,
          chequers_ecumenical_altar_twisty
D:2:      minmay_chambers_of_ones, layout_basic, basic_altar, serial_shops,
          nicolae_shop_drivethru
D:3:      layout_basic, nicolae_gozag_zags_fifth_avenue,
          minmay_misc_feat_more_columns, hangedman_abyss_or_decor_lesser_grid,
          uniq_crazy_yiuf_cottage, uniq_terence, uniq_natasha
D:4:      layout_loops_corners, yredelemnul_forgotten_temple_becter,
          lemuel_crystal_altar, grunt_dithmenos_smoke, serial_shops,
          nicolae_shop_hallway_plus

Skill      XL: |  1  2  3  4  5  6 |
---------------+-------------------+-----
Axes           | 2 3 4 |  4.0
Fighting       | 3 |  3.4
Shields        | 3 |  3.1
Armour         | 3 |  3.6
Dodging        | |  0.1
Stealth        | |  0.3

Action                     |  1- 3 |  4- 6 || total
---------------------------+-------+-------++-------
  Melee: War axe           |    68 |    94 ||   162
         Bite              |    15 |    33 ||    48
  Throw: Dart              |       |     2 ||     2
    Use: Scroll            |     1 |     5 ||     6
         Potion            |       |     1 ||     1
 Armour: Scale mail        |    38 |    33 ||    71
         Chain mail        |       |    12 ||    12
  Dodge: Dodged            |    37 |    40 ||    77
  Block: Buckler           |    13 |    32 ||    45
